 Dungeon Crawl Stone Soup version 0.29-a0-321-gf1c400731a (webtiles) character file.

Game seed: 12531414324405632927

1 spaghetti the Caller (level 1, 5/14 HPs)
             Began as a Demigod Summoner on Apr 4, 2022.
             Quit the game on level 1 of the Dungeon.
             The game lasted 00:00:32 (390 turns).

spaghetti the Caller (Demigod Summoner)              Turns: 390, Time: 00:00:33

Health: 5/14       AC:  2    Str:  9    XL:     1   Next: 13%
Magic:  1/5        EV: 12    Int: 17    God:
Gold:   0          SH:  0    Dex: 14    Spells: 2/3 levels left

rFire   . . .      SeeInvis .   d - +1 dagger (pain) {short}
rCold   . . .      Faith    .   (no shield)
rNeg    . . .      Spirit   .   a - +0 robe
rPois   .          Reflect  .   (no helmet)
rElec   .          Harm     .   (no cloak)
rCorr   .          Rampage  .   (no gloves)
Will    .....                   (no boots)
Stlth   ++........              (no amulet)
HPRegen 0.04/turn               (no ring)
MPRegen 0.09/turn               (no ring)

@: very slightly contaminated
A: high MP 1, forlorn, divine attributes
a: no special abilities


You were on level 1 of the Dungeon.
You visited 1 branch of the dungeon, and saw 1 of its levels.


Innate Abilities, Weirdness & Mutations

You have an increased reservoir of magic. (+10% MP)
You shall have no god before yourself.
Your divine heritage dramatically boosts your attributes as you level up.


   Skills:
 - Level 1.7 Dodging
 - Level 1.7 Stealth
 + Level 1.7 Spellcasting
 + Level 3.6 Summonings


You had 2 spell levels left.
You knew the following spells:

 Your Spells              Type           Power      Damage    Failure   Level
a - Summon Small Mammal   Summ           56%        N/A       4%          1

Your spell library contained the following spells:

 Spells                   Type           Power      Damage    Failure   Level
 Call Imp                 Summ           14%        N/A       7%          2
 Call Canine Familiar     Summ           14%        N/A       13%         3
 Summon Guardian Golem    Hex/Summ       7%         N/A       28%         3
 Summon Lightning Spire   Summ/Air       7%         N/A       67%         4

Inventory:

Hand Weapons
 d - a +1 dagger of pain (weapon) {short}
   (You took it off a goblin on level 1 of the Dungeon)
Missiles
 c - 22 stones {throwing}
Armour
 a - a +0 robe (worn)
Potions
 b - a potion of magic

Dungeon Overview and Level Annotations

Branches:
Dungeon (1/15)

#.##..##..###
#...##..##..#####
###
###...##..##.รท....#
.ยง
.............#.##.#
..##
############.#.##.#
.Sยง# ..#.##.#.S..#
.#.#.##.#r^.>##
########.##........
......(@.r.....#
########.#####.# #r#
#.# #.# #.# #.# #.#
#.#


You could see a quokka (ally target) and a friendly quokka (summoned).


Message History

You take 5 damage, and now have 9/14 hp.
MASSIVE DAMAGE!! (PAUSE)
Casting: Summon Small Mammal (safe; 4% risk of failure)
Press: ? - help, Q - select action, (/) - cycle Dir - look around, f - activate Your rat barely misses the goblin.
The goblin hits you with a +1 dagger of pain.
* * * LOW HITPOINT WARNING * * *
๐Ÿ˜จ HP[-3] MP[-1]
You take 3 damage, and now have 6/14 hp.
MASSIVE DAMAGE!! (PAUSE)
You lost 1 mp, and now have 3/5 mp.
You hit the goblin but do no damage. Your bat hits the goblin.
The goblin hits you with a +1 dagger of pain.
* * * LOW HITPOINT WARNING * * *
Your bat barely misses the goblin.
Your rat barely misses the goblin. ๐Ÿ˜ฑ HP[-5]
You take 5 damage, and now have 1/14 hp.
MASSIVE DAMAGE!! (PAUSE)
Your bat hits the goblin.
Your bat barely misses the goblin.
Unknown command.
Your bat barely misses the goblin.
The goblin hits your bat with a +1 dagger of pain.
Your rat closely misses the goblin.
Your bat hits the goblin.
Your rat barely misses the goblin.
The goblin closely misses your bat. What are your orders? t - Shout!
Orders for allies: a - Attack new target. r - Retreat! s - Stop attacking. g - Guard the area. f - Follow me.
Anything else - Cancel.
Gang up on whom?
Press: ? - help, Dir - move target, f - goblin
Aim: a goblin, wielding a +1 dagger of pain (severely wounded, not watching you, ally target) Attack!
Your bat hits the goblin.
The goblin dies!
You swap places.
d - a +1 dagger of pain {short} You see here a goblin corpse.
You have a feeling of ineptitude.
d - a +1 dagger of pain (weapon)
{short} ๐Ÿ˜ฑ MP[+1]
You start resting. ๐Ÿ˜ฑ MP[+1]
Your mp is fully restored (5).
You start resting.
Your bat disappears in a puff of smoke!
Your rat disappears in a puff of smoke! ๐Ÿ˜Ž HP[+13]
Your hp is fully restored (14).
A hobgoblin comes into view.
Found a stone staircase leading down.
You see here 3 gold pieces.
A hobgoblin is nearby!
A hobgoblin is nearby!
A hobgoblin is nearby!
A quokka comes into view.
An endoplasm comes into view.
Casting: Summon Small Mammal (safe; 4% risk of failure)
Press: ? - help, Q - select action, (/) - cycle Dir - look around, f - activate You miscast Summon Small Mammal.
You are very lightly contaminated with residual magic.
Nothing appears to happen.
The quokka bites you. ๐Ÿ˜• HP[-1] MP[-1]
You take 1 damage, and now have 13/14 hp.
You lost 1 mp, and now have 4/5 mp.
Casting: Summon Small Mammal (safe; 4% risk of failure)
Confirm with . or Enter, or press ? or * to list all spells.
The hobgoblin shouts!
The endoplasm quivers.
The quokka bites you. ๐Ÿ˜ฎ HP[-5] MP[-1]
You take 5 damage, and now have 8/14 hp.
MASSIVE DAMAGE!! (PAUSE)
You lost 1 mp, and now have 3/5 mp.
Casting: Summon Small Mammal (safe; 4% risk of failure)
Confirm with . or Enter, or press ? or * to list all spells.
The quokka bites you.
* * * LOW HITPOINT WARNING * * *
The hobgoblin enters a dispersal trap!
The endoplasm blinks!
The quokka blinks! x2
Your rat blinks!
The endoplasm blinks!
You blink.
The hobgoblin blinks! ๐Ÿ˜จ HP[-3] MP[-1]
You take 3 damage, and now have 5/14 hp.
MASSIVE DAMAGE!! (PAUSE)
You lost 1 mp, and now have 2/5 mp.
Casting: Summon Small Mammal (safe; 4% risk of failure)
Confirm with . or Enter, or press ? or * to list all spells.
Something barely misses your rat. Something grabs your rat.
Your rat is constricted.
Your rat struggles to escape constriction.
A ball python comes into view. ๐Ÿ˜จ MP[-1]
You lost 1 mp, and now have 1/5 mp.
Unknown command.
The ball python moves out of view.
Are you sure you want to abandon this character and quit the game? (Confirm with "yes".)

Action                   || total
-------------------------++-------
Melee: Unarmed           ||     1
 Cast: Summon Small Mamm ||     6
Armor: Robe              ||     1
Dodge: Dodged            ||     1

Levels and vault maps discovered:
D:1:      lightli_iron_boxes, layout_basic, grunt_decor_fettered

Notes
Turn   | Place    | Note
-------+----------+-------------------------------------------
     0 | D:1      | spaghetti the Demigod Summoner began the quest for the Orb.
     0 | D:1      | Reached XP level 1. HP: 14/14 MP: 5/5
     0 | D:1      | magus.rc [v1.9.6]
    54 | D:1      | HP: 1/14 [goblin/+1 dagger of pain (5)]
   390 | D:1      | Quit the game

Vanquished Creatures (collateral kills)
  A goblin (D:1)
1 creature vanquished.

Table legend:
 A = Non-vault XP
 B = Vault XP
 C = Vault XP percentage of total XP
 D = Non-vault monster count
 E = Vault monster count
 F = Vault count percentage of total count
                 A         B        C        D         E       F
            +---------+---------+-------+---------+---------+-------
      Total |       2 |       0 |   0.0 |       1 |       0 |   0.0
            +---------+---------+-------+---------+---------+-------
        D:1 |       2 |       0 |   0.0 |       1 |       0 |   0.0
            +---------+---------+-------+---------+---------+-------

Illustrated notes

Table legend:
 A = Kills in this place as a percentage of kills in entire the game.
 B = Kills by you in this place as a percentage of kills by you in the entire game.
 C = Kills by friends in this place as a percentage of kills by friends in the entire game.
 D = Other kills in this place as a percentage of other kills in the entire game.
 E = Experience gained in this place as a percentage of experience gained in the entire game.
 F = Experience gained in this place divided by the number of levels of this place that you have seen.
                   A       B       C       D       E      F
               +-------+-------+-------+-------+-------+----------------------
         Total | 100.0 |   N/A | 100.0 |   N/A | 100.0 |   2.0
       Dungeon | 100.0 |   N/A | 100.0 |   N/A | 100.0 |   2.0
               +-------+-------+-------+-------+-------+----------------------

Table legend: (Time is in decaauts)
 A = Elapsed time spent in this place.
 B = Non-inter-level travel time spent in this place.
 C = Inter-level travel time spent in this place.
 D = Time resting spent in this place.
 E = Time spent auto-exploring this place.
 F = Levels seen in this place.
 G = Mean time per level.
                   A        B        C        D        E       F      G
               +--------+--------+--------+--------+--------+-----+--------+
         Total |    389 |    389 |      0 |    313 |     45 |   1 |  389.0 |
       Dungeon |    389 |    389 |      0 |    313 |     45 |   1 |  389.0 |
               +--------+--------+--------+--------+--------+-----+--------+

Top non-repeatable levels by time:
     D:1: 389 daAuts
